[Event "Late-Titled-Tuesday-Blitz-May-14-2024"]
[Site "Chess.com"]
[Date "2024.05.14"]
[Round "4"]
[White "WALDOCHESS"]
[Black "hsd2016"]
[Result "1-0"]
[WhiteElo "2015"]
[BlackElo "2298"]
[TimeControl "180+1"]
[EndTime "14:35:15 PDT"]
[Termination "WALDOCHESS won by resignation"]

1. c4 b5 2. cxb5 d5 3. d4 Nf6 4.
Nf3 a6 5. bxa6 Bxa6 6. Nc3 e6 7.
g3 Bd6 8. Bg2 O-O 9. O-O c5 10.
Re1 Nc6 11. e4 cxd4 12. Nxd4 Nxd4 13. Qxd4 dxe4 14. Nxe4 Nxe4 15. Qxe4 Rb8 16. b3 Qf6 17. Rb1 Bb7 18. Qe2 Bxg2 19. Kxg2 Bb4 20. Bb2 Qg6 21. Red1 Rbc8 22. Rbc1 h5 23. a3 Be7 24. b4 h4 25.
Rxc8 Rd8 26. Rdxd8+ Bxd8 27. Rxd8+ Kh7 28. Rd4 hxg3 29. hxg3 Kg8 1-0

[Event "Late-Titled-Tuesday-Blitz-May-14-2024"]
[Site "Chess.com"]
[Date "2024.05.14"]
[Round "4"]
[White "FuenfgegenWilly"]
[Black "ArtemDyachuk"]
[Result "0-1"]
[WhiteElo "2466"]
[BlackElo "2703"]
[TimeControl "180+1"]
[EndTime "14:35:20 PDT"]
[Termination "ArtemDyachuk won by resignation"]

1. b3 e5 2. Bb2 Nc6 3. e3 Nf6 4. c4 d5 5. cxd5 Nxd5 6. a3 Bd6 7. Qc2 O-O 8. Nf3 Bg4 9. Bd3 Kh8 10. Bxh7 f5 11.
Qc4 Nb6 12. Qe6 Kxh7 13. Nxe5 Bxe5 14. Bxe5 Re8 15. Qf7 Nxe5 0-1

[Event "Late-Titled-Tuesday-Blitz-May-14-2024"]
[Site "Chess.com"]
[Date "2024.05.14"]
[Round "4"]
[White "ClayK1ng"]
[Black "Flawless_Fighter"]
[Result "0-1"]
[WhiteElo "2403"]
[BlackElo "2676"]
[TimeControl "180+1"]
[EndTime "14:35:27 PDT"]
[Termination "Flawless_Fighter won by resignation"]

1. e4 c6 2. Nf3 d5 3. d3 g6 4. Qe2 Bg7 5. g3 Nd7 6. Bg2 e5 7. Nbd2 Ne7 8. O-O O-O 9. c3 b6 10. h4 Ba6 11. exd5 cxd5 12. c4 Nc5 13. b4 Nxd3 14.
Qxd3 e4 0-1

[Event "Late-Titled-Tuesday-Blitz-May-14-2024"]
[Site "Chess.com"]
[Date "2024.05.14"]
[Round "4"]
[White "ReadySkate"]
[Black "LLRChess"]
[Result "1-0"]
[WhiteElo "2739"]
[BlackElo "2536"]
[TimeControl "180+1"]
[EndTime "14:35:30 PDT"]
[Termination "ReadySkate won by resignation"]

1. d4 d5 2. c4 c6 3. Nc3 Nf6 4. Nf3 e6 5. e3 Nbd7 6. Qc2 Bd6 7. Bd3 dxc4 8. Bxc4 b5 9. Bd3 Bb7 10. O-O O-O 11. a3 e5 12. Ne4 Nxe4 13. Bxe4 Nf6 14. dxe5 Nxe4 15. Qxe4 Be7 16. e6 fxe6 17. Qxe6+ Kh8 18.
b4 Bf6 19. Rb1 Qc7 20. Bb2 Rae8 21. Qg4 c5 22. Bxf6 Rxf6 23. Ng5 Rg6 24. Qh5 h6 25.
Qxg6 hxg5 26. Qxe8+ Kh7 27. bxc5 1-0

[Event "Late-Titled-Tuesday-Blitz-May-14-2024"]
[Site "Chess.com"]
[Date "2024.05.14"]
[Round "4"]
[White "colegiodemadrid"]
[Black "PapaieDudu"]
[Result "0-1"]
[WhiteElo "2534"]
[BlackElo "2385"]
[TimeControl "180+1"]
[EndTime "14:35:46 PDT"]
[Termination "PapaieDudu won by resignation"]

1. d4 d5 2. c4 e6 3. Nc3 Nf6 4. cxd5 exd5 5. Bg5 Be7 6. e3 Nbd7 7. h3 O-O 8. Bd3 Re8 9. Nf3 c6 10. Rc1 Bd6 11. O-O a6 12. a3 Qc7 13. Re1 h6 14. Bxf6 Nxf6 15. b4 Qe7 16. Qb3 Ne4 17. Na4 Ng5 18.
Nxg5 Qxg5 19. Kh1 Qh4 20. Bf1 Qxf2 0-1

[Event "Late-Titled-Tuesday-Blitz-May-14-2024"]
[Site "Chess.com"]
[Date "2024.05.14"]
[Round "4"]
[White "Duhless"]
[Black "Aygehovit1992"]
[Result "1-0"]
[WhiteElo "3114"]
[BlackElo "2852"]
[TimeControl "180+1"]
[EndTime "14:35:56 PDT"]
[Termination "Duhless won by checkmate"]

1. e4 c5 2. Nf3 e6 3. c3 d5 4. e5 d4 5. d3 Nc6 6. g3 dxc3 7. Nxc3 Nge7 8. Bg2 Ng6 9. Qe2 b6 10. h4 Ba6 11. Bg5 Qxd3 12. Qxd3 Bxd3 13. O-O-O c4 14. Ne1 Rc8 15. Nxd3 cxd3 16. Bxc6+ Rxc6 17. Rxd3 Bb4 18. Rd8# 1-0

[Event "Late-Titled-Tuesday-Blitz-May-14-2024"]
[Site "Chess.com"]
[Date "2024.05.14"]
[Round "4"]
[White "chenxiaoyuer"]
[Black "OriTaichman"]
[Result "1-0"]
[WhiteElo "2894"]
[BlackElo "2642"]
[TimeControl "180+1"]
[EndTime "14:36:03 PDT"]
[Termination "chenxiaoyuer won by resignation"]

1. e4 c5 2. Nf3 Nc6 3. d4 cxd4 4. Nxd4 d5 5. Bb5 dxe4 6. Nxc6 Qxd1+ 7. Kxd1 a6 8. Ba4 Bd7 9. Nc3 Bxc6 10. Bxc6+ bxc6 11. Nxe4 f5 12. Nd2 O-O-O 13. Re1 Nf6 14. f3 g6 15. c3 Nd5 16. Kc2 Nf4 17. g3 Nd3 18. Re2 e5 19. Nc4 Nxc1 20. Rxc1 Bh6 21. Rce1 e4 22. fxe4 fxe4 23. Rxe4 Rhf8 24. R1e2 Rf7 25.
Re7 Rxe7 26. Rxe7 Rf8 27. Rxh7 Rf2+ 28. Kb3 Rxh2 29. Nd6+ Kb8 30. Nf7 Rh3 31. Rxh6 Rxg3 32. Ne5 Kb7 33. Rxg6 Re3 34. Nc4 Re2 35. Rg7+ Kb8 36.
Kb4 Rh2 37. Kc5 Rh4 38. Kb6 Kc8 39. Nd6+ Kd8 40. Kxc6 1-0

[Event "Late-Titled-Tuesday-Blitz-May-14-2024"]
[Site "Chess.com"]
[Date "2024.05.14"]
[Round "4"]
[White "Nick12772"]
[Black "guineo59"]
[Result "1/2-1/2"]
[WhiteElo "2416"]
[BlackElo "2222"]
[TimeControl "180+1"]
[EndTime "14:36:03 PDT"]
[Termination "Game drawn by repetition"]

1. Nf3 Nf6 2. g3 g6 3. Bg2 Bg7 4. O-O O-O 5. c4 c5 6. d4 d6 7.
Nc3 Nc6 8. b3 cxd4 9. Nxd4 Nxd4 10. Qxd4 d5 11. Bb2 Ne4 12. Qd3 Nxc3 13. Bxc3 dxc4 14.
Qxd8 Rxd8 15. Bxg7 Kxg7 16. bxc4 Be6 17. Bxb7 Rab8 18. Bd5 Bxd5 19. cxd5 Rxd5 20. Rfd1 Rxd1+ 21. Rxd1 Rb2 22. Rd7 Rxa2 23. Rxe7 h5 24. e3 Kf6 25. Rb7 Ke6 26. h3 f5 27. Kg2 Kf6 28. Kf3 Ra3 29. Rc7 Ra2 30. Rc6+ Kg7 31. Rc7+ Kf6 32. Rc6+ Kg7 33. Rc7+ Kf6 1/2-1/2

[Event "Late-Titled-Tuesday-Blitz-May-14-2024"]
[Site "Chess.com"]
[Date "2024.05.14"]
[Round "4"]
[White "NikitaShnadrygin"]
[Black "banane_verte"]
[Result "1-0"]
[WhiteElo "2758"]
[BlackElo "2545"]
[TimeControl "180+1"]
[EndTime "14:36:10 PDT"]
[Termination "NikitaShnadrygin won by resignation"]

1. e4 e6 2. d4 d5 3. Nd2 c5 4. exd5 Qxd5 5. Ngf3 cxd4 6. Bc4 Qd7 7. O-O Nf6 8. Nb3 Nc6 9. Nbxd4 Nxd4 10. Nxd4 a6 11. c3 b5 12. Bb3 Bb7 13. Re1 Bc5 14. Bg5 Bxd4 15. Qxd4 Qxd4 16. cxd4 Rc8 17. Bxf6 gxf6 18. d5 e5 19. f4 Kd7 20. fxe5 fxe5 21. Rxe5 Rhe8 22.
Rf5 Re7 23. Raf1 Rc7 24. Rxf7 Kd6 25. R7f6+ Kc5 26. d6 Rg7 27. Rc1+ Kb6 28. dxc7+ 1-0

[Event "Late-Titled-Tuesday-Blitz-May-14-2024"]
[Site "Chess.com"]
[Date "2024.05.14"]
[Round "4"]
[White "HipsterChess22"]
[Black "Chessdude1987"]
[Result "0-1"]
[WhiteElo "2187"]
[BlackElo "2367"]
[TimeControl "180+1"]
[EndTime "14:36:16 PDT"]
[Termination "Chessdude1987 won by resignation"]

1. d4 e6 2. Nc3 d5 3. e4 Nf6 4.
exd5 exd5 5. Bg5 Be7 6. Qd2 O-O 7. O-O-O c6 8. Bd3 b5 9. Nge2 a5 10. Ng3 a4 11. Rde1 a3 12. b3 Bb4 13. Nge2 Nbd7 14. Qf4 Qa5 15. Kd2 Re8 16. Qh4 Ne4+ 17. Bxe4 Rxe4 18. Be3 Rxh4 0-1

[Event "Late-Titled-Tuesday-Blitz-May-14-2024"]
[Site "Chess.com"]
[Date "2024.05.14"]
[Round "4"]
[White "Mischuk_D"]
[Black "tgpgoat"]
[Result "1-0"]
[WhiteElo "2700"]
[BlackElo "2461"]
[TimeControl "180+1"]
[EndTime "14:36:18 PDT"]
[Termination "Mischuk_D won by resignation"]

1. d4 Nf6 2. c4 c5 3. d5 b5 4. Qc2 bxc4 5. e4 d6 6. Bxc4 g6 7.
Nc3 Bg7 8. Nf3 O-O 9. O-O Nfd7 10. Re1 Ba6 11. Nb5 Nb6 12. Bf1 N8d7 13. a4 Ne5 14. Nxe5 Bxe5 15. Bd2 Nd7 16. Bc3 Bxc3 17. Qxc3 Qb6 18. b3 Rab8 19. Bc4 Ne5 20. h3 Bxb5 21. axb5 Rb7 22. Ra6 Qc7 23. Rea1 Nd7 24. Qa5 Ra8 25. Qxc7 Rxc7 26. b6 Nxb6 27. Rxb6 axb6 28. Rxa8+ Kg7 29.
Rb8 Ra7 30. f3 Ra2 31. Rxb6 Rc2 32. Kh2 Kf6 33. h4 h5 34. Rb7 Rb2 35. Kg3 Rb1 36. Rb6 Ke5 37. Rb7 Kf6 38. f4 Rc1 39. Rb6 Rc3+ 40.
Kf2 Kg7 41. e5 dxe5 42. fxe5 Rc2+ 43. Kf3 Rc1 44. d6 exd6 45. exd6 Rd1 46. Bb5 Kf6 47. d7+ Ke7 48. Rb8 1-0

[Event "Late-Titled-Tuesday-Blitz-May-14-2024"]
[Site "Chess.com"]
[Date "2024.05.14"]
[Round "4"]
[White "hawes33"]
[Black "JG-17"]
[Result "1-0"]
[WhiteElo "2396"]
[BlackElo "2534"]
[TimeControl "180+1"]
[EndTime "14:36:29 PDT"]
[Termination "hawes33 won by resignation"]

1. e4 c5 2. Nc3 a6 3. g3 e6 4. Bg2 Nc6 5. d3 Nf6 6. f4 d6 7. Be3 Qc7 8. h3 b5 9. Nf3 Be7 10. e5 dxe5 11. Nxe5 Bb7 12. O-O O-O 13. Qd2 Nxe5 14.
fxe5 Bxg2 15. exf6 Bxf1 16. fxe7 Qxg3+ 17. Kxf1 Qxh3+ 18. Qg2 Qf5+ 19. Qf2 Qh3+ 20. Qg2 Qxg2+ 21. Kxg2 Rfc8 22.
Ne4 f5 23. Nd6 Rc6 24. e8=Q+ Rxe8 25. Nxe8 Kf7 26. Nxg7 Kxg7 27. Kf3 Kf6 28. Rh1 Rc7 29. Rh6+ Kg7 30. Rxe6 1-0

[Event "Late-Titled-Tuesday-Blitz-May-14-2024"]
[Site "Chess.com"]
[Date "2024.05.14"]
[Round "4"]
[White "Sanan_Sjugirov"]
[Black "PepeCuenca"]
[Result "1-0"]
[WhiteElo "3049"]
[BlackElo "2817"]
[TimeControl "180+1"]
[EndTime "14:36:30 PDT"]
[Termination "Sanan_Sjugirov won by resignation"]

1. d4 Nf6 2. c4 g6 3. Nc3 Bg7 4. e4 d6 5. Be2 O-O 6. Be3 Nc6 7.
Nf3 Ng4 8. Bg5 h6 9. Bh4 g5 10. Bg3 e5 11. dxe5 Ncxe5 12. h4 Be6 13. hxg5 hxg5 14. Rh5 Nxf3+ 15. gxf3 Ne5 16. Qd2 Qf6 17. f4 gxf4 18. Bxf4 Nxc4 19. Bxc4 Bxc4 20. O-O-O Rfe8 21. Rg1 Kf8 22. Rh7 Bh8 23. Bh6+ 1-0

[Event "Late-Titled-Tuesday-Blitz-May-14-2024"]
[Site "Chess.com"]
[Date "2024.05.14"]
[Round "4"]
[White "moro182"]
[Black "secretworker2027"]
[Result "1-0"]
[WhiteElo "2900"]
[BlackElo "2633"]
[TimeControl "180+1"]
[EndTime "14:36:35 PDT"]
[Termination "moro182 won by resignation"]

1. d4 Nf6 2. Bf4 d5 3. e3 e6 4. Nf3 Be7 5. Nbd2 c5 6. c3 Nc6 7. Bd3 O-O 8. h3 Bd6 9. dxc5 Bxc5 10.
O-O Bd6 11. Bxd6 Qxd6 12. e4 Rd8 13. Qe2 e5 14. Rad1 Qe7 15. Rfe1 d4 16. cxd4 Nxd4 17. Nxd4 Rxd4 18. Nf3 Rd8 19. Bc4 Be6 20. Nxe5 Bxc4 21. Nxc4 Rxd1 22. Qxd1 Rd8 23. Qb3 b6 24. e5 Nd5 25. Rd1 Nf4 26. Rxd8+ Qxd8 27. Nd6 Qe7 28. Qc4 Ng6 29. f4 h5 30. Qc8+ Kh7 31. Qf5 Qh4 32. Nxf7 Qxf4 33. Ng5+ Kh6 34. Nf7+ Kh7 35. Qxh5+ Kg8 36.
Qxg6 Qxf7 37. Qxf7+ Kxf7 38. Kf2 Ke6 39. Ke3 Kxe5 40.
h4 1-0

[Event "Late-Titled-Tuesday-Blitz-May-14-2024"]
[Site "Chess.com"]
[Date "2024.05.14"]
[Round "4"]
[White "Eloist"]
[Black "miraitrunks"]
[Result "1-0"]
[WhiteElo "2428"]
[BlackElo "2246"]
[TimeControl "180+1"]
[EndTime "14:36:36 PDT"]
[Termination "Eloist won by resignation"]

1. e4 c5 2. Nf3 Nc6 3. Bb5 d6 4. O-O Bd7 5. Re1 a6 6. Bxc6 Bxc6 7. d4 cxd4 8. Nxd4 g6 9. Nxc6 bxc6 10. c4 Bg7 11. Nc3 Nf6 12. Be3 O-O 13. f3 Rb8 14. Qd2 Re8 15. Rad1 Qa5 16. b3 Red8 17. Bd4 e5 18. Be3 d5 19. Nxd5 Qxd2 20. Nxf6+ Bxf6 21. Rxd2 Rxd2 22. Bxd2 Rd8 23. Re2 Rd3 24. Kf2 Be7 25. Ke1 Bc5 26. Kd1 Rd7 27. Kc2 Bg1 28. h3 c5 29. Be3 Bxe3 30. Rxe3 Kf8 31. Rd3 Rb7 32.
Rd5 1-0

[Event "Late-Titled-Tuesday-Blitz-May-14-2024"]
[Site "Chess.com"]
[Date "2024.05.14"]
[Round "4"]
[White "remyrushbrooke"]
[Black "nindjaxx8"]
[Result "0-1"]
[WhiteElo "2340"]
[BlackElo "2640"]
[TimeControl "180+1"]
[EndTime "14:36:37 PDT"]
[Termination "nindjaxx8 won by resignation"]

1. d4 d5 2. Nc3 Nf6 3. Bg5 e6 4. e4 dxe4 5. Nxe4 Be7 6. Bxf6 Bxf6 7. Nf3 O-O 8. Qd2 Nd7 9. O-O-O b6 10. Bd3 Bb7 11. h4 c5 12. dxc5 Nxc5 13. Nxc5 bxc5 14. Ng5 h6 15. Nh7 Re8 16. Nxf6+ Qxf6 17. f3 Rab8 18. c3 Bd5 19. Bb1 Rb6 20. Qc2 Reb8 21. b3 Bxb3 22.
axb3 Rxb3 23. Rd3 Qf4+ 0-1

[Event "Late-Titled-Tuesday-Blitz-May-14-2024"]
[Site "Chess.com"]
[Date "2024.05.14"]
[Round "4"]
[White "th3d4rkness"]
[Black "Naruto-K"]
[Result "0-1"]
[WhiteElo "2173"]
[BlackElo "2481"]
[TimeControl "180+1"]
[EndTime "14:36:37 PDT"]
[Termination "Naruto-K won by resignation"]

1. e4 e6 2. d3 d5 3. Nd2 Be7 4.
g3 c5 5. Bg2 Nc6 6. Ngf3 Nf6 7.
O-O b5 8. e5 Nd7 9. Re1 b4 10.
Nf1 a5 11. h4 a4 12. a3 b3 13. c3 Ba6 14. Bf4 h6 15. h5 Qb6 16. Ne3 Rc8 17. Nxd5 exd5 18. e6 fxe6 19. Rxe6 Nf8 20. Qe2 Nxe6 21. Qxe6 Rf8 22. Qxc8+ Bxc8 23. Re1 Rxf4 24.
gxf4 Kf8 25. Ne5 Nxe5 26. fxe5 Be6 0-1

[Event "Late-Titled-Tuesday-Blitz-May-14-2024"]
[Site "Chess.com"]
[Date "2024.05.14"]
[Round "4"]
[White "XDPS"]
[Black "manitodeplomo"]
[Result "1-0"]
[WhiteElo "2809"]
[BlackElo "2565"]
[TimeControl "180+1"]
[EndTime "14:36:41 PDT"]
[Termination "XDPS won by resignation"]

1. d4 d6 2. Nf3 Bg4 3. Nbd2 Nf6 4. h3 Bh5 5. e4 e6 6. Bd3 d5 7. e5 Nfd7 8. O-O Bg6 9. Bxg6 hxg6 10. Re1 Be7 11. Nf1 c5 12. c3 Nc6 13. Be3 Qb6 14.
Re2 O-O 15. h4 cxd4 16. cxd4 Rfc8 17. Ng3 Nf8 18. h5 gxh5 19. Nxh5 Ng6 20. g3 Rc7 21. Kg2 Rac8 22. Qh1 Bf8 23. Ng5 1-0

[Event "Late-Titled-Tuesday-Blitz-May-14-2024"]
[Site "Chess.com"]
[Date "2024.05.14"]
[Round "4"]
[White "LeninGuerra"]
[Black "jbking07"]
[Result "1-0"]
[WhiteElo "2674"]
[BlackElo "2394"]
[TimeControl "180+1"]
[EndTime "14:36:41 PDT"]
[Termination "LeninGuerra won by resignation"]

1. e4 e5 2. Nf3 Nc6 3. c3 Nf6 4. Bd3 Bc5 5. O-O O-O 6. Bc2 d6 7. d4 Bb6 8. Bg5 h6 9. Bh4 exd4 10. Nxd4 Ne5 11. Nd2 Ng6 12. Bg3 Re8 13. Re1 a6 14.
Nc4 Ba7 15. a4 Be6 16. Ne3 Qd7 17. Nef5 Bxf5 18. Nxf5 Ne5 19. Bxe5 Rxe5 20. Qf3 Kh8 21.
Nxh6 Rae8 22. Nf5 d5 23. Rad1 dxe4 24. Qh3+ 1-0

[Event "Late-Titled-Tuesday-Blitz-May-14-2024"]
[Site "Chess.com"]
[Date "2024.05.14"]
[Round "4"]
[White "TheWiscoIndian"]
[Black "amylazy"]
[Result "1-0"]
[WhiteElo "2225"]
[BlackElo "2462"]
[TimeControl "180+1"]
[EndTime "14:36:41 PDT"]
[Termination "TheWiscoIndian won by resignation"]

1. Nf3 Nf6 2. g3 g6 3. Bg2 Bg7 4. O-O O-O 5. c4 d5 6. cxd5 Nxd5 7. Nc3 Nb6 8. b3 Nc6 9. Bb2 Bf5 10. d3 Qd7 11.
Re1 e5 12. Rc1 Rac8 13. Nd2 Nd4 14. e3 Nc6 15. Nde4 Qe7 16. Nb5 Rfd8 17. Ba3 Nb4 18. Nc5 a5 19. Nxb7 Rxd3 20. Qe2 c6 21. e4 Qxb7 22.
exf5 cxb5 23. Bxb7 Rcd8 24. Bxb4 axb4 25. Red1 e4 26.
Bxe4 Rxd1+ 27. Rxd1 Re8 28. fxg6 hxg6 29. Qxb5 Re6 30.
Bd5 Rf6 31. Rc1 Bh6 32. Rc6 Nxd5 33. Qxd5 Rf5 34. Qd8+ 1-0

[Event "Late-Titled-Tuesday-Blitz-May-14-2024"]
[Site "Chess.com"]
[Date "2024.05.14"]
[Round "4"]
[White "h4parah5"]
[Black "MarcoRiehle"]
[Result "1-0"]
[WhiteElo "3042"]
[BlackElo "2801"]
[TimeControl "180+1"]
[EndTime "14:36:48 PDT"]
[Termination "h4parah5 won by resignation"]

1. Nf3 c5 2. e3 Nc6 3. d4 d5 4. Nbd2 Bg4 5. h3 Bxf3 6. Nxf3 Nf6 7. Be2 e6 8. O-O Bd6 9. dxc5 Bxc5 10. a3 a5 11. c4 O-O 12. Bd2 Ne4 13. cxd5 Qxd5 14. Bc1 Qf5 15. Qc2 Nf6 16. Bd3 Qh5 17. b3 Rac8 18. Bb2 Bd6 19. Qe2 Rfd8 20. Rfd1 Nd5 21. Rac1 h6 22. Qf1 Ne5 23. Bxe5 Bxe5 24. Rxc8 Rxc8 25.
g4 1-0

[Event "Late-Titled-Tuesday-Blitz-May-14-2024"]
[Site "Chess.com"]
[Date "2024.05.14"]
[Round "4"]
[White "imdvb6307"]
[Black "Mikhail_Bryakin"]
[Result "0-1"]
[WhiteElo "2528"]
[BlackElo "2843"]
[TimeControl "180+1"]
[EndTime "14:36:56 PDT"]
[Termination "Mikhail_Bryakin won by resignation"]

1. d4 d6 2. c4 c6 3. Nf3 Nd7 4. Nc3 h6 5. e4 g5 6. Bd3 Bg7 7. Be3 Nf8 8. h4 g4 9. Nh2 Qa5 10. Nxg4 Ne6 11. d5 Bxc3+ 12. bxc3 Qxc3+ 13. Kf1 Nc5 14.
Be2 Bxg4 15. Bxg4 Qxc4+ 16. Be2 Qxe4 17. dxc6 Qxc6 18. Bd4 Nf6 19. Bxf6 exf6 20. Qd4 O-O-O 21. Rh3 Qe4 22. Qxe4 Nxe4 23. Re3 f5 24. Bd3 d5 25. f3 f4 26. Ree1 Ng3+ 27. Kf2 Rhe8 28. Bb5 Rxe1 29. Rxe1 a6 30. Bd3 Kc7 31. Re7+ Rd7 32. Re5 Kd6 33. Re8 Rc7 34. Rd8+ Ke5 35. Rh8 Kd4 36. Bh7 Rc1 0-1

[Event "Late-Titled-Tuesday-Blitz-May-14-2024"]
[Site "Chess.com"]
[Date "2024.05.14"]
[Round "4"]
[White "picturesquecheck"]
[Black "juancruzarias"]
[Result "1-0"]
[WhiteElo "2474"]
[BlackElo "2655"]
[TimeControl "180+1"]
[EndTime "14:36:56 PDT"]
[Termination "picturesquecheck won by resignation"]

1. e4 e6 2. d4 d5 3. Bd3 c5 4. exd5 exd5 5. Nf3 c4 6. Be2 Bd6 7. O-O Nf6 8. b3 cxb3 9. axb3 O-O 10. c4 Bg4 11. Nc3 Nc6 12. Bg5 dxc4 13. bxc4 Bxf3 14.
Bxf3 Nxd4 15. Bxb7 Rb8 16. Bd5 h6 17. Bxf6 Qxf6 18. Ne4 Qe5 19. Nxd6 Ne2+ 20. Kh1 Nc3 21. Qf3 Rbd8 22. Nxf7 Rxf7 23. Qxf7+ Kh8 24. Rxa7 Qd4 25. h3 Ne2 26. Qe7 Rb8 27. Rb7 Rc8 28. Qxe2 1-0

[Event "Late-Titled-Tuesday-Blitz-May-14-2024"]
[Site "Chess.com"]
[Date "2024.05.14"]
[Round "4"]
[White "Nor1lsk"]
[Black "adriangschnitzer"]
[Result "1-0"]
[WhiteElo "2788"]
[BlackElo "2556"]
[TimeControl "180+1"]
[EndTime "14:37:00 PDT"]
[Termination "Nor1lsk won by checkmate"]

1. e4 c6 2. d4 d5 3. f3 e6 4.
Be3 Qb6 5. Nd2 Qxb2 6. Bd3 Qb6 7. Ne2 Qc7 8. O-O c5 9. c4 cxd4 10. Nxd4 dxe4 11. Nxe4 a6 12. c5 Nc6 13. Rc1 Nf6 14. Nxc6 Nxe4 15. Bxe4 bxc6 16. Qa4 Bd7 17. Rfd1 Be7 18.
Rxd7 Kxd7 19. Bxc6+ Qxc6 20. Rd1+ Kc7 21. Bf4+ Kb7 22.
Rd7+ Qxd7 23. Qxd7# 1-0

[Event "Late-Titled-Tuesday-Blitz-May-14-2024"]
[Site "Chess.com"]
[Date "2024.05.14"]
[Round "4"]
[White "ozates"]
[Black "Flaccidmoves"]
[Result "1-0"]
[WhiteElo "2662"]
[BlackElo "2439"]
[TimeControl "180+1"]
[EndTime "14:37:00 PDT"]
[Termination "ozates won by checkmate"]

1. c4 Nc6 2. Nf3 e5 3. Nc3 Bc5 4. e3 d6 5. d4 exd4 6. exd4 Bb4 7. Bd3 Nf6 8. d5 Bxc3+ 9. bxc3 Ne7 10. O-O Bf5 11.
Bxf5 Nxf5 12. Re1+ Ne7 13. Qe2 Kf8 14. Rb1 b6 15.
Nd4 Qd7 16. Bg5 Re8 17. Bxf6 gxf6 18. Qf3 f5 19. Re3 Ng6 20. Nxf5 Rxe3 21. fxe3 h5 22. Rf1 Ne5 23. Qf4 Qd8 24. Nd4 Kg8 25. Qg3+ Kh7 26. Rf5 Ng6 27. Rxf7+ Kh6 28. Nf5# 1-0

[Event "Late-Titled-Tuesday-Blitz-May-14-2024"]
[Site "Chess.com"]
[Date "2024.05.14"]
[Round "4"]
[White "MKlose11"]
[Black "ShahMatKanal"]
[Result "1-0"]
[WhiteElo "2626"]
[BlackElo "2396"]
[TimeControl "180+1"]
[EndTime "14:37:03 PDT"]
[Termination "MKlose11 won by resignation"]

1. e4 e5 2. Nf3 Nf6 3. d4 exd4 4. e5 Ne4 5. Bd3 d5 6. Nxd4 Nc5 7. O-O Nxd3 8. Qxd3 Nc6 9. Re1 Nxd4 10. Qxd4 Be6 11.
c3 Be7 12. Bf4 O-O 13. Nd2 c5 14. Qa4 a6 15. Nf3 b5 16. Qc2 Qd7 17. h3 Rfd8 18.
Rad1 Qc6 19. Bg5 Ra7 20. Bxe7 Rxe7 21. Ng5 g6 22. Qd2 d4 23. Ne4 Bd5 24. Nf6+ Kg7 25. Qg5 h6 26. Nh5+ Kf8 27. Qxh6+ Ke8 28. Nf6+ 1-0

[Event "Late-Titled-Tuesday-Blitz-May-14-2024"]
[Site "Chess.com"]
[Date "2024.05.14"]
[Round "4"]
[White "Russian_berezka"]
[Black "Magicmaster17"]
[Result "0-1"]
[WhiteElo "2595"]
[BlackElo "2897"]
[TimeControl "180+1"]
[EndTime "14:37:05 PDT"]
[Termination "Magicmaster17 won by resignation"]

1. d4 Nf6 2. Bf4 c5 3. e3 d6 4. c3 Nbd7 5. Nf3 g6 6. h3 Bg7 7. Nbd2 b6 8. e4 Bb7 9. Bd3 cxd4 10. cxd4 e5 11. Be3 O-O 12. d5 Nc5 13. Bc2 Ba6 14.
Bxc5 bxc5 15. Bb3 Qa5 16. Qc2 Rab8 17. Qc3 Rb4 18. a3 Nxe4 19. Nxe4 Rxe4+ 20. Kd2 Re2+ 21. Kd1 Qxc3 22. bxc3 Rb8 23. Rb1 Bd3 24. Nd2 Bh6 25. Rb2 Rxb3 26. Rxb3 Rxd2+ 27. Ke1 Ra2 0-1

[Event "Late-Titled-Tuesday-Blitz-May-14-2024"]
[Site "Chess.com"]
[Date "2024.05.14"]
[Round "4"]
[White "AsaHoffmann"]
[Black "HandKnit"]
[Result "0-1"]
[WhiteElo "2311"]
[BlackElo "2497"]
[TimeControl "180+1"]
[EndTime "14:37:11 PDT"]
[Termination "HandKnit won by resignation"]

1. d4 Nf6 2. Bg5 e6 3. Nd2 c5 4.
e3 b6 5. Bd3 Bb7 6. Ngf3 cxd4 7. exd4 Be7 8. c3 O-O 9. O-O d6 10. Re1 Nbd7 11. Bh4 Re8 12. h3 a6 13. Bg3 b5 14. a4 Qb6 15. c4 bxc4 16. Nxc4 Qb4 17.
a5 Bd5 18. Ra4 Qb8 19. Ne3 Bc6 20. Rc4 Bb5 21. Rc2 Ba4 22. b3 Bxb3 23. Rb2 Bxd1 24.
Rxb8 Rexb8 25. Rxd1 Rb4 26. Nc2 Ra4 27. Rb1 Rxa5 28.
Rb7 Ra4 29. Nb4 a5 30. Nc6 Bf8 31. Bb5 Ra1+ 32. Kh2 Rb1 33. d5 Nxd5 34. Nfd4 Nc5 35. Ra7 Rxa7 36. Nxa7 a4 37. Nc8 a3 38. Nxd6 a2 39. Be8 Bxd6 40. Bxd6 a1=Q 41. Nf3 Rh1+ 42. Kg3 Ne4+ 0-1

[Event "Late-Titled-Tuesday-Blitz-May-14-2024"]
[Site "Chess.com"]
[Date "2024.05.14"]
[Round "4"]
[White "GMAneta"]
[Black "mouseslips_are_the_best"]
[Result "1-0"]
[WhiteElo "2537"]
[BlackElo "2361"]
[TimeControl "180+1"]
[EndTime "14:37:12 PDT"]
[Termination "GMAneta won by resignation"]

1. d4 Nf6 2. Nf3 g6 3. c4 Bg7 4. g3 c5 5. Bg2 cxd4 6. Nxd4 d5 7. O-O O-O 8. cxd5 Nxd5 9. Nb5 Be6 10. N1c3 Nxc3 11. bxc3 Nc6 12. Qa4 a6 13. Nd4 Nxd4 14. cxd4 Qxd4 15. Qxd4 Bxd4 16. Rb1 Bxa2 17. Rxb7 Bf6 18.
Ba3 Rfe8 19. Bxe7 Bxe7 20. Rxe7 Rxe7 21. Bxa8 Rxe2 22. Ra1 Bc4 23. Bb7 Re6 24. f4 Re7 25.
Bc6 Ra7 26. Ra5 Kg7 27. Kf2 Kf6 28. Ke3 Be6 29. Kd4 Ke7 30. Kc5 Bd7 31. Bd5 h6 32. Kb6 1-0

[Event "Late-Titled-Tuesday-Blitz-May-14-2024"]
[Site "Chess.com"]
[Date "2024.05.14"]
[Round "4"]
[White "DishonorOnYourCow"]
[Black "zacachess"]
[Result "1-0"]
[WhiteElo "2535"]
[BlackElo "2359"]
[TimeControl "180+1"]
[EndTime "14:37:12 PDT"]
[Termination "DishonorOnYourCow won by resignation"]

1. d4 Nf6 2. c4 e6 3. Nf3 Bb4+ 4.
Nbd2 b6 5. a3 Bxd2+ 6. Qxd2 Bb7 7. e3 O-O 8. Be2 d6 9. O-O Nbd7 10. b4 Ne4 11. Qc2 f5 12. d5 e5 13. Nd2 Nxd2 14. Bxd2 e4 15. Bc3 Qe7 16. Rae1 Rae8 17.
f4 exf3 18. Rxf3 Qg5 19. Bd3 Ne5 20. Rg3 Qh6 21. Bxf5 Rxf5 22. Qxf5 Nxc4 23. Rxg7+ 1-0

[Event "Late-Titled-Tuesday-Blitz-May-14-2024"]
[Site "Chess.com"]
[Date "2024.05.14"]
[Round "4"]
[White "Tolyanius"]
[Black "A4RookA3"]
[Result "1-0"]
[WhiteElo "2661"]
[BlackElo "2416"]
[TimeControl "180+1"]
[EndTime "14:37:15 PDT"]
[Termination "Tolyanius won by checkmate"]

1. e4 c6 2. c4 d5 3. exd5 cxd5 4.
cxd5 Nf6 5. Nc3 Nxd5 6. Nf3 e6 7. d4 Nxc3 8. bxc3 Qc7 9. Bd2 Be7 10. Bd3 O-O 11. O-O Nd7 12. Qe2 Nf6 13. Bg5 h6 14.
Bh4 Nd5 15. Bg3 Bd6 16. c4 Bxg3 17. fxg3 Nf6 18. Rad1 b6 19. Ne5 Bb7 20. Rxf6 gxf6 21. Qg4+ Kh8 22. Qh4 Kg7 23. Ng4 Rh8 24. Qxf6+ Kg8 25.
Nxh6+ Rxh6 26. Qxh6 Rd8 27. Rf1 Rd7 28. Bh7+ Kh8 29.
Bg6+ Kg8 30. Qh7+ Kf8 31. Qh8+ Ke7 32. Rxf7+ Kd6 33. Qe5+ Kc6 34. Be4+ Rd5 35. Rxc7# 1-0